Map: Data-C

Players

Aspera

  • Race: Zerg Zerg
  • Spawn Location: 9:00

Future - Winner!

  • Race: Terran Terran
  • Spawn Location: 3:00

Event: DreamHack SC2 Masters 2022 Atlanta (Offline)

VOD

Have the link to the VOD?

Description

Time

  • Played on: Nov. 18, 2022, 10:40 a.m.
  • Length: 6:35

All games in this series

Show
View Real Time Build Order
Export as new Build Order

Aspera Zerg 

Build Orders: Hatch First 

Get SALT Encoding   

  12  0:00  Drone  
  13  0:14  Overlord  
  13  0:17  Drone  
  14  0:32  Drone x2  
  16  0:48  Hatchery  
  15  0:52  Drone  
  15  0:55  Drone  
  17  0:59  Drone  
  18  1:10  Extractor  
  17  1:13  Spawning Pool  
  17  1:17  Drone  
  17  1:20  Drone  
  18  1:29  Drone  
  19  1:42  Drone  
  20  1:51  Drone  
  21  2:00  Queen x2  
  25  2:02  Zergling x2  
  25  2:03  Zergling x2  
  27  2:12  Overlord  
  27  2:20  Hatchery  
  26  2:23  Drone  
  26  2:29  Drone  
  28  2:31  Drone  
  28  2:41  Metabolic Boost  
  28  2:42  Drone  
  29  2:46  Drone  
  29  2:47  Drone  
  29  2:48  Overlord  
  32  2:58  Drone  
  32  3:00  Queen  
  34  3:06  Drone x2  
  36  3:17  Drone x5  
  41  3:20  Queen  
  43  3:31  Zergling x2  
  43  3:33  Queen  
  46  3:39  Roach Warren  
  46  3:41  Extractor  
  44  3:44  Zergling x8  
  48  3:52  Zergling x2  
  48  3:53  Zergling x2  
  48  3:54  Overlord x2  
  50  3:57  Overlord  
  50  4:14  Extractor  
  49  4:24  Overlord  
  49  4:28  Roach x8  
  65  4:34  Drone  
  66  4:39  Overlord  
  66  4:40  Overlord  
  66  4:44  Drone x3  
  69  4:51  Ravager x2  
  71  5:03  Ravager  
  71  5:04  Ravager  
  72  5:17  Ravager  
  72  5:25  Zergling x20  
  72  5:26  Overlord x3  
  82  5:38  Overlord  
  82  5:48  Overlord  
  78  5:51  Zergling x16  
  78  5:54  Zergling x2  
  78  5:56  Zergling x4  
  86  5:57  Ravager  
  86  5:58  Ravager  
  86  6:01  Zergling x2  
  84  6:05  Zergling x2  
  84  6:09  Zergling x6  
  72  6:14  Zergling x6  
Show
View Real Time Build Order
Export as new Build Order

Future Terran - Winner!

Build Orders: Reaper Expand 

Get SALT Encoding   

  12  0:00  SCV  
  13  0:12  SCV  
  14  0:17  Supply Depot  
  14  0:24  SCV  
  15  0:38  SCV  
  15  0:40  Barracks  
  16  0:42  Refinery  
  16  0:50  SCV  
  17  1:03  SCV  
  18  1:15  SCV  
  19  1:26  Reaper  
  19  1:27  Orbital Command  
  20  1:39  Command Center  
  20  1:46  Supply Depot  
  20  1:52  SCV  
  21  1:58  Marine  
  22  2:04  SCV  
  22  2:07  Factory  
  23  2:17  SCV  
  23  2:19  Barracks Reactor  
  24  2:29  SCV  
  25  2:40  Command Center  
  25  2:41  SCV  
  26  2:51  Orbital Command  
  26  2:53  SCV  
  26  2:58  Starport  
  27  3:02  Refinery  
  27  3:05  Marine  
  28  3:08  SCV  
  29  3:16  SCV  
  30  3:20  SCV  
  30  3:21  Hellion  
  30  3:22  Hellion  
  35  3:28  SCV, Barracks Tech Lab  
  35  3:32  SCV  
  37  3:38  Viking  
  37  3:41  SCV  
  40  3:44  SCV  
  40  3:45  Hellion  
  40  3:46  Hellion  
  45  3:52  Orbital Command  
  45  3:53  SCV  
  46  3:56  SCV  
  46  3:57  Stimpack  
  46  3:58  Marine  
  48  4:05  SCV  
  48  4:07  Hellion  
  48  4:08  Hellion, SCV  
  53  4:16  Supply Depot  
  53  4:17  SCV  
  53  4:19  Starport Tech Lab  
  53  4:20  SCV  
  55  4:24  Orbital Command  
  55  4:25  Barracks  
  55  4:29  SCV  
  56  4:32  SCV  
  56  4:33  Barracks  
  57  4:39  Supply Depot  
  57  4:41  SCV  
  57  4:42  Siege Tank  
  57  4:44  Starport Reactor  
  57  4:45  SCV  
  62  4:49  Engineering Bay x2  
  62  4:50  Marine  
  63  4:53  SCV  
  63  4:56  SCV  
  63  4:57  SCV  
  66  5:01  Refinery  
  66  5:02  Supply Depot x2  
  66  5:03  Refinery  
  66  5:05  SCV  
  67  5:08  SCV  
  67  5:09  SCV  
  69  5:17  Supply Depot, SCV  
  69  5:19  Siege Tank  
  69  5:20  SCV  
  69  5:21  SCV  
  75  5:24  Marine x3  
  75  5:26  Starport Reactor  
  78  5:29  SCV  
  78  5:32  SCV, Marine x2  
  82  5:36  SCV  
  82  5:41  Marine  
  84  5:44  Marine  
  84  5:45  Marine  
  81  5:50  Supply Depot, Marine  
  81  5:51  Supply Depot, Siege Tank  
  81  5:52  Orbital Command  
  81  5:53  Marine  
  82  5:59  Marine  
  82  6:01  Marine  
  82  6:03  Marine  
  76  6:08  Marine  
  76  6:10  Marine  
  76  6:17  Marine  
  81  6:19  SCV  
  81  6:21  SCV x2  
Tags
 
Add a new tag
Caveats
  • Supply blocks, unpowered buildings, or Contaminate may cause inaccurate times.
  • Supply counts are checked every 10 seconds.